 Dungeon Crawl Stone Soup version 0.31-a0-1570-g93c622d222 (webtiles) character file.

Game seed: 10267050473216790160

739 grandjackal the Trooper (level 7, 0/44 HPs)
             Began as a Tengu Monk on Jan 3, 2024.
             Killed from afar by Pikel (14 damage)
             ... with a puff of flame
             ... on level 5 of the Dungeon.
             The game lasted 00:05:12 (4441 turns).

grandjackal the Trooper (Tengu Monk)                Turns: 4441, Time: 00:05:12

Health: 0/44       AC:  8    Str: 14    XL:     7   Next: 75%
Magic:  17/17      EV: 16    Int: 19    God:
Gold:   276        SH:  0    Dex: 16    Spells: 4/6 levels left

rFire   . . .        K - +0 trident
rCold   . . .        d - orb {light}
rNeg    . . .        j - +0 ring mail
rPois   .            (helmet restricted)
rElec   .            I - +0 cloak
rCorr   .            f - +1 pair of gloves {Str+3}
SInv    .            (boots unavailable)
Will    .....        (no amulet)
Stlth   +            b - ring of magical power
HPRegen 0.27/turn    v - +6 ring of intelligence
MPRegen 0.15/turn

%: acrobat
@: flying, glowing
A: beak, talons 3, evasive flight, acrobatic
a: no special abilities


You were on level 5 of the Dungeon.
You visited 1 branch of the dungeon, and saw 5 of its levels.
You also visited: Sewer.

You collected 276 gold pieces.

Inventory:

Hand Weapons
 J - a +3 quarterstaff of chaos
 K - a +0 trident (weapon)
Armour
 d - an orb of light (worn)
 f - a +1 pair of gloves of strength (worn)
 i - a +0 kite shield
 j - a +0 ring mail (worn)
 I - a +0 cloak (worn)
Jewellery
 b - a ring of magical power (left hand)
 v - a +6 ring of intelligence (right hand)
 D - a ring of fire
Wands
 C - a wand of roots (5)
 F - a wand of charming (7)
Scrolls
 e - a scroll of revelation {unknown}
 g - 5 scrolls of identify {unknown}
 l - 3 scrolls of vulnerability {unknown}
 t - a scroll of immolation {unknown}
 u - 3 scrolls of fog {unknown}
 w - a scroll of summoning {unknown}
 y - 4 scrolls of teleportation {unknown}
 B - 2 scrolls of amnesia {unknown}
 G - a scroll of brand weapon {unknown}
 H - a scroll of enchant weapon {unknown}
Potions
 c - a potion of ambrosia
 h - a potion of magic {unknown}
 k - a potion of might {unknown}
 m - a potion of resistance {unknown}
 n - a potion of berserk rage {unknown}
 o - 2 potions of curing {unknown}
 p - 2 potions of attraction {unknown}
 q - 2 potions of heal wounds {unknown}
 r - a potion of brilliance {unknown}
 s - 2 potions of lignification {unknown}
 x - a potion of invisibility {unknown}
 z - a potion of mutation {unknown}
 A - a potion of haste {unknown}
 E - a potion of degeneration {unknown}


   Skills:
 + Level 5.0 Fighting
 - Level 3.3(4.3) Polearms
 + Level 4.3(4.8) Staves
 - Level 4.0 Dodging
 - Level 2.8 Shields
 + Level 4.4 Conjurations
 + Level 2.3 Evocations


You had 4 spell levels left.
You knew the following spells:

 Your Spells              Type           Power      Damage    Failure   Level
a - Momentum Strike       Conj/Tloc      16%        3d8       26%         2

Your spell library contained the following spells:

 Spells                   Type           Power      Damage    Failure   Level
 Sting                    Conj/Alch      32%        1d5       17%         1
 Apportation              Tloc           0%         N/A       38%         1
 Necrotise                Necr           0%         1d4       38%         1
 Summon Small Mammal      Summ           0%         N/A       38%         1
 Blink                    Tloc           0%         N/A       54%         2
 Jinxbite                 Hex            0%         N/A       54%         2
 Lesser Beckoning         Tloc           0%         N/A       54%         2
 Call Canine Familiar     Summ           0%         N/A       77%         3
 Summon Blazeheart Golem  Fire/Summ      0%         N/A       99%         4
 Yara's Violent Unravell  Hex/Alch       0%         3d3       100%        5
 Enfeeble                 Hex            0%         N/A       100%        7


Dungeon Overview and Level Annotations

Branches:
Dungeon (5/15)              Sewer (visited)
 Temple: D:4-7

Altars:
Qazlal

Annotations:
D:5 Pikel


Innate Abilities, Weirdness & Mutations

You have a beak for a mouth.
You have claws for feet.
Your magical flight helps you evade attacks. (EV +4)
You can magically evade attacks while moving or waiting.


Message History

Pikel zaps a wand.
The puff of flame hits you!
The lemure struggles to escape constriction.
Unknown command.
Reach: K) +0 trident
Press: ? - help, Dir - move target, f/p - Pikel
Aim: Pikel, wielding a +1 whip of flaming, wearing a +0 robe and carrying a wand of flame (lightly wounded, constricted by roots, haloed, about 3% to evade your +0 trident)
You reach to attack!
You completely miss Pikel.
Pikel is lightly wounded.
The grasping roots constrict Pikel.
The grasping roots constrict the lemure. x2
Pikel struggles to escape constriction.
The lemure escapes!
Reach: K) +0 trident
Press: ? - help, Dir - move target, f/p - Pikel
Aim: Pikel, wielding a +1 whip of flaming, wearing a +0 robe and carrying a wand of flame (moderately wounded, constricted by roots, haloed, about 3% to evade your +0 trident)
You reach to attack!
You puncture Pikel!
Pikel is heavily wounded.
The grasping roots constrict Pikel, but do no damage.
The grasping roots constrict the lemure!
The roots release their grip on Pikel.
The roots release their grip on the lemure.
You completely miss Pikel. Your kick misses Pikel.
You peck Pikel, but do no damage.
Pikel is heavily wounded.
Pikel hits you with a +1 whip of flaming.
Pikel burns you.
You closely miss Pikel.
Pikel is heavily wounded.
Pikel hits you with a +1 whip of flaming!
Pikel burns you.
You completely miss Pikel. You claw Pikel, but do no damage.
You peck Pikel, but do no damage.
Pikel is heavily wounded.
Pikel hits you with a +1 whip of flaming.
Pikel burns you.
* * * LOW HITPOINT WARNING * * *
You hit Pikel. You peck Pikel.
Pikel is heavily wounded.
Pikel zaps a wand.
The puff of flame hits you!
You die...
Pikel says, "Another soul for the market."

............#.....#..#....
#.#.###.###..#..##.##......
#.#. #.###.##..##.####..##
# #. #.........##.# ##..# #
#. #.###.#...##.######.. ..
###.###.#.............. #..
.........####.######## #...
.#.#####.####.# #.... #.555
#55K@........# #....
#..K..#5#####.####.# #....
#.......#.####.####....
#.......#..............
#.......#..............
.........#..............
..........#......########
#...........#####..#
#...........# #..#


You could see Pikel and 3 lemures.

Vanquished Creatures
  A lemure (D:5)
  Blork the orc (D:4)
  2 brain worms (Sewer)
  2 scorpions (D:5)
  A hound (D:4)
  2 orc priests (D:5)
  Crazy Yiuf (D:4)
  An iguana (D:5)
  Ijyb (D:4)
  2 orc wizards
  10 adders
  3 river rats
  A shadow imp (D:5)
  A dart slug (D:4)
  9 orcs
  4 bats
  4 endoplasms
  4 giant cockroaches
  10 goblins
  3 hobgoblins
  5 kobolds
  3 quokkas
  8 ball pythons
  5 frilled lizards
  14 rats
98 creatures vanquished.

Notes
Turn   | Place    | Note
-------+----------+-------------------------------------------
     0 | D:1      | grandjackal the Tengu Monk began the quest for the Orb.
     0 | D:1      | Reached XP level 1. HP: 14/14 MP: 2/2
   297 | D:1      | Reached XP level 2. HP: 19/19 MP: 3/3
   606 | D:1      | Reached skill level 1 in Staves
   809 | D:2      | Reached skill level 1 in Shields
   809 | D:2      | Reached XP level 3. HP: 23/23 MP: 4/4
  1177 | D:2      | Learned a level 2 spell: Momentum Strike
  1363 | D:3      | Reached XP level 4. HP: 11/28 MP: 5/5
  1440 | D:3      | Found a glowing drain.
  1479 | Sewer    | Entered a sewer
  1550 | Sewer    | Noticed a brain worm
  1555 | Sewer    | Killed a brain worm
  1556 | Sewer    | Reached skill level 1 in Conjurations
  1556 | Sewer    | Reached XP level 5. HP: 27/33 MP: 6/6
  1694 | Sewer    | Reached skill level 4 in Fighting
  1717 | Sewer    | Reached XP level 6. HP: 32/38 MP: 7/7
  2286 | D:3      | Found a stormy altar of Qazlal.
  2473 | D:4      | Noticed Ijyb
  2494 | D:4      | Killed Ijyb
  2598 | D:4      | Noticed Blork the orc
  2608 | D:4      | Killed Blork the orc
  2925 | D:4      | Reached skill level 1 in Evocations
  3023 | D:4      | Gained mutation: Your magical flight helps you evade
                  | attacks. (EV +4) [Tengu growth]
  3023 | D:4      | Reached XP level 7. HP: 25/44 MP: 8/8
  3361 | D:4      | You are sucked into a shaft and drop 1 floor!
  3361 | D:5      | Entered Level 5 of the Dungeon
  3524 | D:4      | Found a runed translucent door.
  3525 | D:4      | Noticed Crazy Yiuf
  3956 | D:4      | Killed Crazy Yiuf
  4132 | D:5      | Reached skill level 5 in Fighting
  4423 | D:5      | Noticed Pikel
  4441 | D:5      | Killed from afar by Pikel

Illustrated notes

Levels and vault maps discovered:
D:1:      evilmike_arrival_home_sweet_home, layout_loops_ring
D:2:      layout_rooms
D:3:      layout_loops_ring, nicolae_qazlal_general_emergency,
          portal_sewer_entry_a
D:4:      layout_basic, uniq_blork_the_orc, uniq_ijyb, uniq_crazy_yiuf_cottage
D:5:      layout_basic, uniq_pikel

Skill      XL: |  1  2  3  4  5  6  7 |
---------------+----------------------+-----
Staves         | 1 2 3 4 |  4.3
Shields        | 1 2 |  2.8
Dodging        | 4 |  4.0
Conjurations   | 1 2 3 4 |  4.4
Fighting       | 4 5 |  5.0
Evocations     | 1 2 |  2.3
Polearms       | |  3.3

Action                     |  1- 3 |  4- 6 |  7- 9 || total
---------------------------+-------+-------+-------++-------
  Melee: Spear             |    86 |   157 |    53 ||   296
         Kick              |    20 |    41 |    23 ||    84
         Peck              |    15 |    29 |    20 ||    64
         Trident           |       |       |    29 ||    29
  Evoke: Wand              |       |       |     3 ||     3
 Armour: Ring mail         |    20 |    59 |    37 ||   116
  Dodge: Dodged            |    30 |    51 |    38 ||   119

Table legend: (Time is in decaauts)
 A = Elapsed time spent in this place.
 B = Non-inter-level travel time spent in this place.
 C = Inter-level travel time spent in this place.
 D = Time resting spent in this place.
 E = Time spent auto-exploring this place.
 F = Levels seen in this place.
 G = Mean time per level.
                   A        B        C        D        E       F      G
               +--------+--------+--------+--------+--------+-----+--------+
         Total |   4452 |   4356 |     96 |    662 |   2934 |   6 |  742.0 |
       Dungeon |   4013 |   3917 |     96 |    606 |   2682 |   5 |  802.6 |
         Sewer |    439 |    439 |      0 |     56 |    251 |   1 |  439.0 |
               +--------+--------+--------+--------+--------+-----+--------+

Top non-repeatable levels by time:
     D:4: 1487 daAuts
     D:3: 836 daAuts
     D:1: 751 daAuts
     D:5: 499 daAuts
   Sewer: 439 daAuts
     D:2: 439 daAuts
